 Dungeon Crawl Stone Soup version 0.31-a0-881-ge136f0c47a (webtiles) character file.

Game seed: 701239951336728105

56 Spaninq the Slasher (level 3, -1/23 HPs)
             Began as a Tengu Berserker on Oct 15, 2023.
             Was a Follower of Trog.
             Slain by a water moccasin (3 damage)
             ... on level 3 of the Dungeon.
             The game lasted 00:03:02 (1627 turns).

Spaninq the Slasher (Tengu Berserker)               Turns: 1627, Time: 00:03:03

Health: -1/23      AC:  9    Str: 17    XL:     3   Next: 95%
Magic:  4/4        EV:  8    Int:  7    God:    Trog [*.....]
Gold:   73         SH:  0    Dex: 15    Spells: 2/2 levels left

rFire   . . .        a - +0 falchion
rCold   . . .        (no shield)
rNeg    . . .        l - +0 chain mail
rPois   .            (helmet restricted)
rElec   .            (no cloak)
rCorr   .            (no gloves)
SInv    .            (boots unavailable)
Will    .....        (no amulet) Stlth
                     (no ring)
HPRegen 0.23/turn    (no ring)
MPRegen 0.09/turn

%: acrobat
@: brilliant, lethally poisoned (-1 -> -14)
A: beak, talons 3, acrobatic
a: Renounce Religion, Berserk


You were on level 3 of the Dungeon.
You worshipped Trog.
Trog was aware of your devotion.
You visited 1 branch of the dungeon, and saw 3 of its levels.

You collected 73 gold pieces.

Inventory:

Hand Weapons
 a - a +0 falchion (weapon)
Armour
 l - a +0 chain mail (worn)
Scrolls
 e - a scroll of poison {unknown}
 g - a scroll of teleportation {unknown}
 j - a scroll of immolation {unknown}
Potions
 d - a potion of might {unknown}
 f - 2 potions of heal wounds {unknown}
 h - a potion of brilliance
 i - a potion of lignification {unknown}
 k - a potion of curing {unknown}


   Skills:
 + Level 3.3 Fighting
 * Level 4.1 Long Blades
 + Level 2.7 Armour
 + Level 2.8 Dodging


You had 2 spell levels left.
You didn't know any spells.
Your spell library was empty.

Dungeon Overview and Level Annotations

Branches:
Dungeon (3/15)

Altars:
Hepliaklqana
The Shining One


Innate Abilities, Weirdness & Mutations

You have a beak for a mouth.
You have claws for feet.
You can magically evade attacks while moving or waiting.


Message History

The iguana bites you.
You closely miss the iguana. You claw the iguana. You peck the iguana.
The iguana is heavily wounded.
The iguana barely misses you.
You slash the iguana! Your punch misses the iguana.
The iguana is almost dead.
The iguana bites you.
You barely miss the iguana. You claw the iguana.
You kill the iguana!
Trog accepts your kill.
Your Long Blades skill increases to level 4!
You hit the goblin. You claw the goblin.
You kill the goblin!
Trog accepts your kill.
HP restored.
f - 2 puce potions (gained 1)
A water moccasin comes into view.
Found 3 boomerangs.
The water moccasin hisses angrily.
Found a hazy altar of Hepliaklqana.
You closely miss the water moccasin.
The water moccasin bites you but does no damage.
You closely miss the water moccasin. You claw the water moccasin.
The water moccasin is lightly wounded.
The water moccasin barely misses you. The water moccasin bites you.
You hit the water moccasin. You claw the water moccasin.
The water moccasin is heavily wounded.
The water moccasin closely misses you.
You slash the water moccasin! Your peck misses the water moccasin.
The water moccasin is almost dead.
The water moccasin bites you. The water moccasin bites you!
* * * LOW HITPOINT WARNING * * *
You are lethally poisoned!
The water moccasin poisons you!
It was a potion of brilliance.
You feel clever all of a sudden.
* * * LOW HITPOINT WARNING * * *
You feel very sick. The water moccasin bites you.
You die...

..#...#.....# .♣
....#....#.## ..♣
..#...#.....##....
#.......#.#.......
...#.#..........._
#.....#...#......
....#....#....##..
.#.....#S....## ♣
...#.#..@.#.##
##........#.####
................
.......)......##
#..............#
................
.......<........
................
..####.........#


You could see a water moccasin.

Vanquished Creatures
  An iguana (D:3)
  2 worms (D:2)
  3 ball pythons
  2 bats
  An endoplasm (D:2)
  A giant cockroach (D:2)
  4 goblins
  A hobgoblin (D:2)
  4 kobolds
  3 rats
22 creatures vanquished.

Notes
Turn   | Place    | Note
-------+----------+-------------------------------------------
     0 | D:1      | Spaninq the Tengu Berserker began the quest for the Orb.
     0 | D:1      | Reached XP level 1. HP: 14/14 MP: 2/2
   352 | D:1      | Reached XP level 2. HP: 19/19 MP: 3/3
   967 | D:2      | Found a glowing golden altar of the Shining One.
  1104 | D:2      | Found a faded altar of an unknown god.
  1512 | D:2      | Reached XP level 3. HP: 20/23 MP: 4/4
  1584 | D:3      | Reached skill level 4 in Long Blades
  1613 | D:3      | Noticed a water moccasin
  1616 | D:3      | Found a hazy altar of Hepliaklqana.
  1627 | D:3      | Slain by a water moccasin

Illustrated notes

Levels and vault maps discovered:
D:1:      dreamdust_arrival_sigmund_warning, layout_basic
D:2:      layout_loops_ring, basic_altar,
          shapermc_ecumenical_altar_mp_urbaneastern
D:3:      layout_rooms, elyvilon_altar_5, mainiacjoe_overflow_boulevard,
          lemuel_doored_altar, serial_shops, shop,
          nicolae_kite_square_tiling_tiny, minmay_hedge_maze

Skill      XL: |  1  2  3 |
---------------+----------+-----
Long Blades    | 4 |  4.1
Fighting       | |  3.3
Armour         | |  2.7
Dodging        | |  2.8

Action                     || total
---------------------------++-------
  Melee: Falchion          ||    78
         Kick              ||    16
         Peck              ||     7
         Punch             ||     1
    Use: Potion            ||     1
 Armour: Ring mail         ||    27
         Chain mail        ||    11
  Dodge: Dodged            ||    34

Table legend: (Time is in decaauts)
 A = Elapsed time spent in this place.
 B = Non-inter-level travel time spent in this place.
 C = Inter-level travel time spent in this place.
 D = Time resting spent in this place.
 E = Time spent auto-exploring this place.
 F = Levels seen in this place.
 G = Mean time per level.
                   A        B        C        D        E       F      G
               +--------+--------+--------+--------+--------+-----+--------+
         Total |   1635 |   1616 |     19 |      0 |   1340 |   3 |  545.0 |
       Dungeon |   1635 |   1616 |     19 |      0 |   1340 |   3 |  545.0 |
               +--------+--------+--------+--------+--------+-----+--------+

Top non-repeatable levels by time:
     D:1: 834 daAuts
     D:2: 746 daAuts
     D:3: 53 daAuts
